 Dungeon Crawl Stone Soup version 0.30-a0-800-g7c544603b3 (webtiles) character file.

Game seed: 16704243356994149447

1489 jimonade the Spear-Bearer (level 8, -21/67 HPs)
             Began as a Hill Orc Fighter on Feb 22, 2023.
             Was an Initiate of Beogh.
             Demolished by an ogre
             ... wielding a +0 giant club
              (24 damage)
             ... on level 6 of the Dungeon.
             The game lasted 00:09:34 (5221 turns).

jimonade the Spear-Bearer (Hill Orc Fighter)        Turns: 5221, Time: 00:09:35

Health: -21/67     AC: 10    Str: 19    XL:     8   Next: 80%
Magic:  8/8        EV:  9    Int: 10    God:    Beogh [......]
Gold:   228        SH:  4    Dex: 10    Spells: 7/7 levels left

rFire   . . .      SeeInvis .    a - +0 trident
rCold   . . .      Faith    .    c - +0 buckler
rNeg    . . .      Spirit   .    b - +0 scale mail
rPois   +          Reflect  .    (no helmet)
rElec   .          Harm     .    v - +2 cloak {rPois}
rCorr   .          Rampage  .    (no gloves)
Will    .....                    (no boots) Stlth
                                 (no amulet)
HPRegen 0.31/turn                (no ring)
MPRegen 0.11/turn                (no ring)

@: no status effects
A: no striking features
a: Renounce Religion


You were on level 6 of the Dungeon.
You worshipped Beogh.
Beogh was noncommittal.
You visited 1 branch of the dungeon, and saw 6 of its levels.

You collected 228 gold pieces.

Inventory:

Hand Weapons
 a - a +0 trident (weapon)
 u - a +3 quarterstaff of chaos
 B - a +1 dagger of protection
 G - a +0 sling
Missiles
 e - 56 stones
 r - 8 poisoned darts (quivered)
 L - 6 atropa-tipped darts
Armour
 b - a +0 scale mail (worn)
 c - a +0 buckler (worn)
 v - a +2 cloak of poison resistance (worn)
 K - a +0 leather armour of fire resistance
Magical Staves
 s - a staff of earth
 z - a staff of conjuration
Wands
 H - a wand of roots (5)
Scrolls
 g - 3 scrolls of fog {unknown}
 h - 2 scrolls of fear {unknown}
 k - 2 scrolls of immolation {unknown}
 m - a scroll of silence {unknown}
 o - a scroll of magic mapping {unknown}
 q - 2 scrolls of teleportation {unknown}
 t - a scroll of brand weapon {unknown}
 x - 2 scrolls of vulnerability {unknown}
 y - 3 scrolls of identify {unknown}
 A - a scroll of poison {unknown}
 C - a scroll of enchant armour {unknown}
 E - a scroll of blinking {unknown}
Potions
 d - a potion of might
 f - a potion of resistance {unknown}
 i - 5 potions of heal wounds {unknown}
 j - a potion of lignification {unknown}
 l - a potion of invisibility {unknown}
 n - 2 potions of mutation {unknown}
 p - 2 potions of brilliance {unknown}
 w - 3 potions of attraction {unknown}
 D - a potion of flight {unknown}
 F - a potion of haste {unknown}
 I - a potion of magic {unknown}
 J - a potion of curing {unknown}


   Skills:
 + Level 4.9 Fighting
 * Level 9.5 Polearms
 + Level 1.5 Throwing
 + Level 5.4 Armour
 + Level 1.7 Dodging
 + Level 1.4 Stealth
 + Level 4.0 Shields


You had 7 spell levels left.
You didn't know any spells.
Your spell library was empty.

Dungeon Overview and Level Annotations

Branches:
Dungeon (6/15)             Temple (0/1) D:5

Altars:
Dithmenos
Fedhas
Vehumet
Yredelemnul
The Shining One

Annotations:
D:3 1 runed translucent door


Message History

You hit the orc but do no damage. You hit the orc but do no damage.
The orc hits you with a +0 club.
You puncture the orc!
You kill the orc!
Beogh accepts your kill.
You reach to attack!
You hit the ogre.
The ogre is lightly wounded.
You barely miss the ogre.
The ogre is lightly wounded.
The ogre hits you with a +0 giant club.
You hit the ogre.
The ogre is moderately wounded.
The ogre hits you with a +0 giant club!!
You barely miss the ogre.
The ogre is moderately wounded.
You hit the ogre.
The ogre is moderately wounded.
The ogre hits you with a +0 giant club!!
* * * LOW HITPOINT WARNING * * *
You barely miss the ogre.
The ogre is moderately wounded.
The orc hits you but does no damage.
You hit the ogre but do no damage.
The ogre is moderately wounded.
The ogre closely misses you. The orc completely misses you.
The orc hits you but does no damage.
You puncture the ogre!
The ogre is severely wounded.
You hit the ogre.
The ogre is almost dead.
The orc hits you with a +0 dagger.
* * * LOW HITPOINT WARNING * * *
The ogre barely misses you. The orc hits you with a +0 whip.
* * * LOW HITPOINT WARNING * * *
You hit the ogre.
The ogre is almost dead.
You block the orc's attack. The orc hits you with a +0 whip.
* * * LOW HITPOINT WARNING * * *
The ogre hits you with a +0 giant club!!
You die...

.........#######
.........#.....#
.........#.....#
.........#.....#
#......#.....#
....#.#..#.)...#
. # ##.).<...#
#.[#.....#
#..#@o...#
#..#Oo...#
##..S....#
#..#.....#
.....#######
..o....#
.......# #......
.......


You could see a water moccasin, an ogre and 2 orcs.

Vanquished Creatures
  A water moccasin (D:5)
  A black bear (D:4)
  A centaur (D:5)
  3 ogres
  A phantom (D:5)
  3 scorpions
  4 necrophages (D:4)
  A jelly (D:4)
  A hound (D:5)
  Crazy Yiuf (D:2)
  2 iguanas
  A scorpion zombie (D:4)
  An orc wizard (D:3)
  A hound zombie (D:4)
  A gnoll (D:2)
  16 adders
  An adder zombie (D:4)
  3 worms
  7 orcs
  8 ball pythons
  8 endoplasms
  4 giant cockroaches
  10 goblins
  10 hobgoblins
  4 jackals (D:5)
  A quokka (D:2)
  5 bats
  3 frilled lizards (D:2)
  A goblin zombie (D:3)
  4 kobolds
  6 rats
114 creatures vanquished.

Vanquished Creatures (others)
  A bush (D:4)
  12 plants (D:4)
13 creatures vanquished.

Grand Total: 127 creatures vanquished

Notes
Turn   | Place    | Note
-------+----------+-------------------------------------------
     0 | D:1      | jimonade the Hill Orc Fighter began the quest for the Orb.
     0 | D:1      | Reached XP level 1. HP: 19/19 MP: 1/1
     3 | D:1      | Noticed an electric eel
   124 | D:1      | Reached XP level 2. HP: 24/27 MP: 2/2
   639 | D:1      | Noticed an electric eel
   740 | D:2      | Reached skill level 3 in Polearms
   740 | D:2      | Reached XP level 3. HP: 33/33 MP: 3/3
  1044 | D:2      | Reached XP level 4. HP: 28/40 MP: 4/4
  1102 | D:2      | Reached skill level 4 in Polearms
  1284 | D:2      | Found a glowing golden altar of the Shining One.
  1500 | D:2      | Found a runed translucent door.
  1501 | D:2      | Noticed Crazy Yiuf
  1730 | D:2      | Reached XP level 5. HP: 41/46 MP: 5/5
  1883 | D:2      | Killed Crazy Yiuf
  1884 | D:2      | Reached skill level 5 in Polearms
  2139 | D:3      | Found a runed translucent door.
  2139 | D:3      | Noticed a human
  2149 | D:3      | Found a basalt altar of Yredelemnul.
  2423 | D:3      | Found a faded altar of an unknown god.
  2508 | D:3      | Found a shadowy altar of Dithmenos.
  2599 | D:3      | Found a glowing golden altar of the Shining One.
  2737 | D:4      | Noticed an ogre
  2751 | D:4      | Killed an ogre
  2752 | D:4      | Reached skill level 6 in Polearms
  2752 | D:4      | Reached XP level 6. HP: 52/52 MP: 6/6
  2761 | D:4      | Reached skill level 1 in Stealth
  3063 | D:4      | Noticed a black bear
  3075 | D:4      | Killed a black bear
  3076 | D:4      | Reached skill level 1 in Dodging
  3076 | D:4      | Reached XP level 7. HP: 59/59 MP: 7/7
  3091 | D:4      | Reached skill level 1 in Throwing
  3464 | D:4      | Found a blossoming altar of Fedhas.
  3542 | D:4      | Reached skill level 7 in Polearms
  3801 | D:5      | Entered Level 5 of the Dungeon
  3828 | D:5      | Reached skill level 8 in Polearms
  3828 | D:5      | Reached XP level 8. HP: 67/67 MP: 8/8
  4412 | D:5      | Became a worshipper of Beogh the Brigand
  4478 | D:5      | Found a staircase to the Ecumenical Temple.
  4653 | D:5      | Reached skill level 5 in Armour
  4787 | D:5      | Reached skill level 9 in Polearms
  5050 | D:6      | Found a radiant altar of Vehumet.
  5220 | D:6      | HP: 3/67 [orc/+0 whip (1)]
  5221 | D:6      | Demolished by an ogre

Illustrated notes

Levels and vault maps discovered:
D:1:      arrival_aquarium_b, layout_basic, minmay_misc_feat_pillars
D:2:      layout_loops_cross, basic_altar, minmay_increasing_density,
          uniq_crazy_yiuf_cottage
D:3:      layout_rooms, grunt_dithmenos_smoke_and_mirrors, tso_oasis_becter,
          nicolae_overflow_hidden_temple, dk_yredelemnul_ordeal,
          hellmonk_ecumenical_altar_inner_sanctum
D:4:      layout_loops_ring, fedhas_altar_decomposition
D:5:      layout_loops_corners, minmay_temple_entry_purple_smoke,
          solitary_fountain, hangedman_abyss_or_decor_stagger
D:6:      layout_gridville, mainiacjoe_overflow_tiny_flanked,
          lemuel_zombie_altar_kikubaaqudgha, nrook_mini_backslash,
          minmay_between

Skill      XL: |  1  2  3  4  5  6  7  8 |
---------------+-------------------------+-----
Polearms       | 3 4 6 8 9 |  9.5
Fighting       | 4 |  4.9
Armour         | 4 5 |  5.4
Stealth        | 1 |  1.4
Dodging        | 1 |  1.7
Throwing       | 1 |  1.5
Shields        | 4 |  4.0

Action                     |  1- 3 |  4- 6 |  7- 9 || total
---------------------------+-------+-------+-------++-------
  Melee: Trident           |   110 |   166 |   234 ||   510
  Throw: Dart              |       |     9 |     3 ||    12
         Stone             |       |     1 |     1 ||     2
 Invoke: Convert to Beogh  |       |       |     1 ||     1
 Armour: Scale mail        |    29 |    52 |    78 ||   159
  Dodge: Dodged            |    37 |    63 |    70 ||   170
  Block: Buckler           |    17 |    15 |    41 ||    73

Table legend: (Time is in decaauts)
 A = Elapsed time spent in this place.
 B = Non-inter-level travel time spent in this place.
 C = Inter-level travel time spent in this place.
 D = Time resting spent in this place.
 E = Time spent auto-exploring this place.
 F = Levels seen in this place.
 G = Mean time per level.
                   A        B        C        D        E       F      G
               +--------+--------+--------+--------+--------+-----+--------+
         Total |   5237 |   4939 |    298 |    202 |   3605 |   6 |  872.8 |
       Dungeon |   5237 |   4939 |    298 |    202 |   3605 |   6 |  872.8 |
               +--------+--------+--------+--------+--------+-----+--------+

Top non-repeatable levels by time:
     D:5: 1267 daAuts
     D:2: 1256 daAuts
     D:4: 1157 daAuts
     D:1: 732 daAuts
     D:3: 685 daAuts
     D:6: 137 daAuts
